Map: Ruins of Seras

Players

Nero - Winner!

  • Race: Protoss Protoss

후쭈쭈

  • Race: Terran Terran
  • League: Gold

VOD

Have the link to the VOD?

Description

Time

  • Played on: Jan. 6, 2016, 7:59 a.m.
  • Length: 6:07
Show
View Real Time Build Order
Export as new Build Order

Nero Protoss - Winner!

Build Orders: Oracle Opening 

Get SALT Encoding   

  12  0:01  Probe (Chrono Boost)  
  13  0:18  Pylon, Probe (Chrono Boost)  
  14  0:33  Probe (Chrono Boost)  
  15  0:39  Gateway  
  15  0:43  Assimilator  
  15  0:45  Probe (Chrono Boost)  
  16  0:56  Probe (Chrono Boost)  
  17  1:04  Pylon  
  17  1:06  Probe (Chrono Boost)  
  18  1:17  Probe (Chrono Boost)  
  19  1:27  Cybernetics Core, Probe (Chrono Boost)  
  19  1:30  Zealot  
  22  1:34  Assimilator  
  23  1:40  Probe (Chrono Boost)  
  23  1:47  Pylon  
  23  1:55  Probe (Chrono Boost)  
  23  1:57  Zealot  
  26  2:14  Stargate  
  26  2:27  Zealot  
  26  2:29  Probe (Chrono Boost)  
  29  2:32  Forge  
  29  2:39  Probe (Chrono Boost)  
  30  2:50  Mothership Core (Chrono Boost)  
  30  2:51  Pylon  
  32  3:03  Zealot  
  34  3:08  Oracle (Chrono Boost)  
  37  3:25  Photon Cannon  
  37  3:28  Photon Cannon  
  37  3:36  Gateway  
  37  3:50  Stalker  
  37  3:53  Warp Gate  
  39  3:58  Pylon  
  39  4:11  Probe  
  37  4:42  Adept  
  35  4:49  Adept  
  37  4:55  Probe  
  38  5:07  Probe  
Show
View Real Time Build Order
Export as new Build Order

후쭈쭈 Terran 

Build Orders:  

Get SALT Encoding   

  12  0:01  SCV  
  13  0:13  SCV  
  14  0:21  Supply Depot  
  14  0:26  SCV  
  15  0:30  Refinery  
  15  0:37  Refinery  
  15  0:43  SCV  
  16  0:55  SCV  
  17  0:59  Barracks  
  17  1:07  SCV  
  18  1:14  Supply Depot  
  18  1:19  SCV  
  19  1:31  Barracks  
  19  1:38  SCV  
  20  1:50  SCV  
  21  1:54  Barracks Reactor  
  21  2:05  Orbital Command  
  20  2:18  Barracks Reactor  
  20  2:25  Supply Depot  
  20  2:30  Supply Depot  
  20  2:32  Reaper x2  
  22  2:47  SCV  
  23  2:52  Supply Depot  
  23  2:54  Reaper x2  
  25  3:04  Reaper  
  25  3:05  Reaper  
  27  3:26  Reaper x2  
  28  3:37  Reaper x2  
  30  3:58  Reaper x2  
  32  4:07  SCV  
  32  4:09  Reaper x2  
  35  4:18  Command Center  
  29  4:30  Reaper x2  
  23  4:51  Reaper  
  23  4:52  Reaper  
Tags
 
League
Gold
Matchup
PvT
Replay Pack
rep
Add a new tag
Caveats
  • Supply blocks, unpowered buildings, or Contaminate may cause inaccurate times.
  • Supply counts are checked every 10 seconds.